 Dungeon Crawl Stone Soup version 0.29-a0-1019-g84f7d21838 (webtiles) character file.

Game seed: 16903820607084839468

74 leavemydog the Conjurer (level 4, -10/24 HPs)
             Began as a Deep Elf Conjurer on Aug 10, 2022.
             Killed by divine providence
             ... invoked by an orc priest
              (13 damage)
             ... on level 3 of the Dungeon.
             The game lasted 00:02:19 (2246 turns).

leavemydog the Conjurer (Deep Elf Conjurer)         Turns: 2246, Time: 00:02:19

Health: -10/24     AC:  2    Str:  4    XL:     4   Next: 9%
Magic:  11/11      EV: 12    Int: 25    God:
Gold:   95         SH:  0    Dex: 13    Spells: 3/10 levels left

rFire   . . .      SeeInvis .   g - staff of air
rCold   + . .      Faith    .   (no shield)
rNeg    . . .      Spirit   .   f - +0 robe {rC+}
rPois   .          Reflect  .   (no helmet)
rElec   +          Harm     .   (no cloak)
rCorr   +          Rampage  .   (no gloves)
Will    .....                   (no boots)
Stlth   ++........              (no amulet)
HPRegen 0.08/turn               h - ring of resist corrosion
MPRegen 0.12/turn               (no ring)

@: no status effects
A: no striking features
a: no special abilities


You were on level 3 of the Dungeon.
You visited 1 branch of the dungeon, and saw 3 of its levels.

You collected 95 gold pieces.

Inventory:

Missiles
 a - 3 poisoned darts
Armour
 f - a +0 robe of cold resistance (worn)
 r - an orb of wrath
Magical Staves
 g - a staff of air (weapon)
Jewellery
 h - a ring of resist corrosion (left hand)
Scrolls
 d - a scroll of fog {unknown}
 j - a scroll of identify {unknown}
 l - a scroll of amnesia {unknown}
 m - 2 scrolls of teleportation {unknown}
 n - a scroll of magic mapping {unknown}
 o - a scroll of torment {unknown}
 q - a scroll of vulnerability {unknown}
Potions
 b - a potion of magic
 c - 2 potions of heal wounds {unknown}
 e - a potion of mutation {unknown}
 i - a potion of invisibility {unknown}
 k - a potion of haste {unknown}
 p - 2 potions of might {unknown}
 s - a potion of attraction {unknown}


   Skills:
 - Level 2.4 Dodging
 - Level 2.4 Stealth
 + Level 3.9 Spellcasting
 + Level 5.8 Conjurations


You had 3 spell levels left.
You knew the following spells:

 Your Spells              Type           Power      Damage    Failure   Level
a - Magic Dart            Conj           100%       1d8       1%          1
b - Searing Ray           Conj           68%        2d6       1%          2
c - Iskenderun's Mystic   Conj/Tloc      19%        2d6       26%         4

Your spell library contained the following spells:

 Spells                   Type           Power      Damage    Failure   Level
 Dazzling Flash           Conj/Hex       38%        N/A       9%          3
 Fulminant Prism          Conj/Hex       9%         3d7       26%         4


Dungeon Overview and Level Annotations

Branches:
Dungeon (3/15)

Altars:

Shops:
D:2 [


Message History

The magic dart hits the worm.
The worm is severely wounded.
The magic dart hits the worm.
You kill the worm!
The adder hisses angrily.
The magic dart hits the adder.
The adder is heavily wounded.
The magic dart hits the adder.
The adder is severely wounded.
The magic dart hits the adder!
You kill the adder!
You have reached level 4!
You feel clever.
You start resting.
Magic restored.
You start waiting.
Done waiting.
You start waiting.
Done waiting.
This spell is astonishingly dangerous to cast!
Memorise Iskenderun's Mystic Blast, consuming 4 spell levels and leaving 3?
You start memorising the spell.
You continue memorising. x4
You finish memorising.
Spell assigned to 'c'.
You open the door.
An orc and an orc priest come into view.
The orc shouts!
You hear an angry hiss.
The orc priest shouts!
The orc priest invokes the aid of Beogh against you.
Beogh smites you!
Ouch! That really hurt!
There are monsters nearby!
There are monsters nearby!
An orc priest is nearby!
An orc priest is nearby!
The orc priest invokes the aid of Beogh against you.
Pain shoots through your body!
* * * LOW HITPOINT WARNING * * *
The orc priest invokes the aid of Beogh against you.
Beogh smites you!
Ouch! That really hurt!
You die...

####.....# #..<.....#
#........# #........#
#<.......##
#.###........
#.......#####
.#####รท######
#.......@..>.# #+###
.............+ ....#
########.....## #.#.#
#......# #.#.##
###......###.#..####
..........oo.o.o.....
###.......###.##.###.
##.......# #.##.##
#.......## #.##..#


You could see an orc priest and an orc.

Vanquished Creatures
  3 adders
  A worm (D:3)
  A dart slug (D:1)
  4 endoplasms
  2 giant cockroaches (D:1)
  3 goblins
  2 hobgoblins (D:2)
  3 kobolds (D:2)
  5 quokkas
  8 ball pythons
  2 bats
  2 frilled lizards
  5 rats
41 creatures vanquished.

Notes
Turn   | Place    | Note
-------+----------+-------------------------------------------
     0 | D:1      | leavemydog the Deep Elf Conjurer began the quest for the
                  | Orb.
     0 | D:1      | Reached XP level 1. HP: 10/10 MP: 6/6
   492 | D:1      | Reached XP level 2. HP: 15/15 MP: 5/8
   526 | D:1      | Learned a level 2 spell: Searing Ray
   719 | D:1      | Found a faded altar of an unknown god.
   723 | D:1      | Reached skill level 5 in Conjurations
  1042 | D:2      | Found Ongasamo's Antique Armour Shoppe.
  1052 | D:2      | Reached XP level 3. HP: 17/19 MP: 0/10
  1941 | D:3      | Reached XP level 4. HP: 24/24 MP: 3/11
  2213 | D:3      | Learned a level 4 spell: Iskenderun's Mystic Blast
  2246 | D:3      | Killed from afar by an orc priest

Illustrated notes

Levels and vault maps discovered:
D:1:      ncdulo_wetmaze, layout_rooms, shapermc_ecumenical_altar_notcrosses,
          chequers_serial_rivers_small_a
D:2:      layout_basic, serial_glass, glass_columns_b, glass_columns_a,
          serial_shops, shop
D:3:      minmay_chambers_of_twos, layout_basic

Skill      XL: |  1  2 |
---------------+-------+-----
Conjurations   | 5 |  5.8
Dodging        | |  2.4
Stealth        | |  2.4
Spellcasting   | |  3.9

Action                   |  1- 3 |  4- 6 || total
-------------------------+-------+-------++-------
 Cast: Magic Dart        |    82 |       ||    82
Dodge: Dodged            |     2 |       ||     2

Table legend: (Time is in decaauts)
 A = Elapsed time spent in this place.
 B = Non-inter-level travel time spent in this place.
 C = Inter-level travel time spent in this place.
 D = Time resting spent in this place.
 E = Time spent auto-exploring this place.
 F = Levels seen in this place.
 G = Mean time per level.
                   A        B        C        D        E       F      G
               +--------+--------+--------+--------+--------+-----+--------+
         Total |   2254 |   2123 |    131 |    574 |   1335 |   3 |  751.3 |
       Dungeon |   2254 |   2123 |    131 |    574 |   1335 |   3 |  751.3 |
               +--------+--------+--------+--------+--------+-----+--------+

Top non-repeatable levels by time:
     D:2: 948 daAuts
     D:1: 901 daAuts
     D:3: 404 daAuts
